Map: Ascension to Aiur LE

Players

LiquidSnute (Snute) - Winner!

  • Race: Zerg Zerg
  • League: Master
  • Spawn Location: 5:00

Harstem

  • Race: Protoss Protoss
  • League: Master
  • Spawn Location: 11:00

Event: HomeStory Cup XV

VOD

Have the link to the VOD?

Description

Time

  • Played on: July 22, 2017, 7:55 a.m.
  • Length: 8:08

All games in this series

Show
View Real Time Build Order
Export as new Build Order

LiquidSnute Zerg - Winner!

Build Orders: Hatch First 

Get SALT Encoding   

  12  0:00  Drone  
  13  0:12  Overlord  
  13  0:16  Drone  
  14  0:30  Drone x2  
  14  0:34  Drone  
  17  0:51  Hatchery  
  17  0:54  Drone  
  17  0:57  Drone  
  17  0:59  Extractor  
  17  1:12  Spawning Pool  
  17  1:15  Drone  
  17  1:19  Drone  
  18  1:27  Drone  
  19  1:38  Overlord  
  19  1:48  Drone  
  20  1:59  Queen, Metabolic Boost  
  22  2:02  Queen  
  22  2:03  Drone  
  22  2:07  Drone  
  26  2:11  Drone  
  28  2:15  Drone  
  28  2:21  Drone  
  29  2:25  Drone  
  30  2:32  Drone  
  30  2:35  Zergling x2  
  32  2:37  Queen  
  32  2:42  Zergling x2  
  35  2:47  Hatchery  
  35  2:51  Overlord  
  34  2:53  Zergling x2  
  34  2:57  Overlord  
  35  3:04  Drone  
  36  3:09  Drone x3  
  36  3:10  Drone  
  36  3:11  Drone x2  
  43  3:12  Drone  
  43  3:19  Overlord  
  43  3:21  Drone  
  43  3:26  Queen  
  46  3:30  Queen  
  46  3:32  Drone  
  46  3:33  Drone  
  50  3:40  Drone  
  50  3:41  Drone x2  
  53  3:42  Drone x2  
  53  3:46  Drone x2  
  57  3:50  Zergling x2  
  57  3:54  Overlord  
  57  3:55  Zergling x2  
  59  4:00  Queen  
  59  4:02  Zergling x2  
  62  4:05  Zergling x2  
  63  4:14  Zergling x6  
  63  4:15  Zergling x10  
  63  4:17  Spore Crawler  
  70  4:18  Zergling x2  
  70  4:19  Spore Crawler  
  70  4:21  Spore Crawler  
  70  4:23  Overlord  
  70  4:24  Zergling x2  
  70  4:31  Zergling x8  
  71  4:33  Overlord  
  71  4:35  Overlord  
  74  4:50  Overlord  
  74  4:51  Lair  
  74  4:53  Drone  
  74  4:54  Drone x5  
  74  4:55  Evolution Chamber, Drone  
  74  4:56  Drone  
  74  4:59  Extractor x2, Drone  
  79  5:01  Drone  
  79  5:08  Drone x2  
  79  5:09  Drone x4  
  79  5:11  Drone x2  
  87  5:14  Drone  
  87  5:17  Drone x2  
  87  5:19  Extractor, Drone x2  
  87  5:20  Drone  
  90  5:22  Drone  
  90  5:26  Queen  
  92  5:31  Zergling x6  
  92  5:34  Extractor  
  93  5:41  Zergling x2  
  93  5:42  Zergling x8  
  96  5:51  Zerg Missile Weapons Level 1  
  96  5:52  Hydralisk Den  
  96  5:54  Zergling x4  
  97  6:00  Overlord x2  
  94  6:10  Drone x3  
  88  6:14  Overlord x3  
  88  6:15  Overlord  
  88  6:22  Hydralisk x5, Muscular Augments  
  98  6:26  Hydralisk  
  98  6:27  Hydralisk x3  
  104  6:38  Zergling x10  
  105  6:44  Hydralisk x2  
  105  6:52  Hydralisk  
  106  6:55  Hydralisk x5  
  115  7:10  Hydralisk x4  
  115  7:11  Hydralisk  
  115  7:13  Overseer  
  125  7:16  Hatchery  
  125  7:18  Zergling x6  
  125  7:20  Hydralisk  
  129  7:24  Zergling x2  
  129  7:28  Zergling x8  
  134  7:31  Zergling x4  
  134  7:32  Zergling x4  
  138  7:37  Zergling x4  
  138  7:38  Overseer  
  138  7:43  Hydralisk  
Show
View Real Time Build Order
Export as new Build Order

Harstem Protoss 

Build Orders: 1 Gate Expand, Zealot Archon, Dark Templar Rush 

Get SALT Encoding   

  12  0:01  Probe (Chrono Boost)  
  13  0:11  Probe (Chrono Boost)  
  14  0:17  Pylon  
  14  0:22  Probe (Chrono Boost)  
  15  0:36  Probe (Chrono Boost)  
  15  0:38  Gateway  
  16  0:46  Probe (Chrono Boost)  
  17  0:53  Assimilator  
  18  0:57  Probe (Chrono Boost)  
  18  1:07  Probe (Chrono Boost)  
  19  1:18  Probe (Chrono Boost)  
  20  1:22  Nexus  
  20  1:33  Cybernetics Core  
  20  1:36  Probe (Chrono Boost)  
  21  1:44  Assimilator  
  21  1:47  Probe (Chrono Boost)  
  21  1:51  Pylon  
  22  1:57  Probe (Chrono Boost)  
  23  2:09  Probe (Chrono Boost)  
  23  2:10  Stalker (Chrono Boost)  
  23  2:12  Warp Gate  
  26  2:21  Probe  
  27  2:23  Twilight Council  
  27  2:33  Probe  
  27  2:34  Probe  
  27  2:36  Adept (Chrono Boost)  
  31  2:45  Probe (Chrono Boost)  
  31  2:46  Probe (Chrono Boost)  
  33  2:53  Robotics Facility  
  33  2:57  Probe (Chrono Boost)  
  33  2:58  Probe (Chrono Boost)  
  35  3:07  Probe (Chrono Boost)  
  35  3:08  Probe (Chrono Boost)  
  35  3:11  Dark Shrine  
  37  3:18  Probe (Chrono Boost)  
  38  3:20  Gateway  
  38  3:21  Probe (Chrono Boost)  
  39  3:28  Probe (Chrono Boost)  
  39  3:32  Probe (Chrono Boost)  
  39  3:33  Pylon  
  41  3:39  Probe (Chrono Boost)  
  41  3:40  Warp Prism (Chrono Boost)  
  44  3:45  Mothership Core  
  46  3:51  Probe  
  47  3:57  Gateway x2  
  47  3:59  Pylon  
  47  4:04  Assimilator  
  47  4:05  Probe x2  
  47  4:08  Assimilator  
  49  4:16  Probe  
  49  4:17  Probe  
  51  4:25  Charge (Chrono Boost)  
  51  4:26  Probe  
  51  4:29  Pylon, Probe  
  53  4:37  Probe  
  53  4:40  Dark Templar x2  
  53  4:41  Probe  
  53  4:44  Pylon  
  59  4:48  Probe  
  60  4:53  Probe  
  60  4:56  Nexus  
  61  5:03  Dark Templar x2  
  61  5:04  Archon  
  64  5:08  Probe  
  64  5:11  Probe, Pylon  
  64  5:18  Pylon  
  64  5:22  Zealot  
  64  5:23  Zealot, Probe, Archon  
  64  5:26  Pylon  
  69  5:32  Pylon  
  69  5:38  Pylon  
  69  5:45  Zealot x2, Probe  
  69  5:46  Zealot x2  
  69  5:47  Probe  
  79  5:56  Probe  
  79  5:59  Probe  
  81  6:08  Probe, Nexus  
  70  6:11  Probe  
  70  6:13  Pylon  
  70  6:15  Zealot  
  70  6:16  Zealot x3  
  79  6:18  Templar Archives  
  79  6:19  Forge  
  79  6:21  Immortal  
  79  6:24  Probe  
  84  6:27  Pylon  
  82  6:41  Probe  
  82  6:46  Zealot x4  
  86  6:52  Gateway  
  86  6:53  Gateway x2  
  82  6:55  Probe  
  82  6:58  Probe  
  83  7:07  Probe (Chrono Boost)  
  84  7:08  High Templar x2  
  84  7:09  High Templar x2  
  84  7:14  Probe (Chrono Boost)  
  89  7:18  Probe (Chrono Boost)  
  90  7:24  Probe (Chrono Boost)  
  90  7:25  Probe (Chrono Boost)  
  90  7:29  Probe (Chrono Boost)  
  93  7:33  Assimilator  
  93  7:37  Assimilator  
  93  7:40  Gateway x2  
  93  7:41  Sentry, High Templar x2  
  93  7:42  Zealot  
  93  7:43  Gateway  
  101  7:47  Archon  
  105  7:56  Pylon  
Tags
 
Add a new tag
Caveats
  • Supply blocks, unpowered buildings, or Contaminate may cause inaccurate times.
  • Supply counts are checked every 10 seconds.